[Event "NJSK 2023 Meisjes B"]
[Site "Almelo, Netherlands"]
[Date "2023.05.03"]
[Round "4.5"]
[White "Ganeshram, Nirupa"]
[Black "De Bruijne, Marlies"]
[Result "1-0"]
[TimeControl "90min/40moves + 30min + 30sec/move"]
[WhiteElo "1629"]
[BlackElo "945"]

1. e4 c5 2. Nf3 e6 3. d4 d5 4.
exd5 exd5 5. Nc3 Nc6 6. dxc5 Nf6 7. Be3 Bg4 8. Be2 Be7 9. h3 Be6 10. Qd2 Ne4 11. Nxe4 dxe4 12. Qxd8+ Rxd8 13.
Nd2 Bf5 14. O-O-O O-O 15. g4 Be6 16. Nxe4 Bxa2 17. b3 Na5 18. Kb2 Bxb3 19. cxb3 Rb8 20. Bf4 Rbc8 21. Bd6 Rce8 22. Bb5 Nc6 23.
Rhe1 Bxd6 24. cxd6 a6 25. Bxc6 bxc6 26. d7 Rd8 27. Nc5 h6 28. Nb7 Rb8 29. d8=Q Rfxd8 30. Rxd8+ Rxd8 31. Nxd8 c5 32.
Kc3 Kh7 33. Nxf7 c4 34. h4 Kg6 35. Ne5+ Kf6 36. Nxc4 a5 37. f4 g5 38. fxg5+ hxg5 39. h5 a4 40. Kd4 axb3 41. Kd5 b2 42.
Nxb2 Kg7 43. Rf1 Kh7 44. Rf6 Kg7 45. Ke6 Kh7 46. Rg6 Kh8 47. Kf6 Kh7 48. Kf7 Kh8 49. Rh6+ 1-0

[Event "NJSK 2023 Meisjes B"]
[Site "Almelo, Netherlands"]
[Date "2023.05.03"]
[Round "4.6"]
[White "Zahirna, Iryna"]
[Black "Wortman, Manixia"]
[Result "1/2-1/2"]
[TimeControl "90min/40moves + 30min + 30sec/move"]
[WhiteElo "1594"]
[BlackElo "1493"]

1. c4 Nf6 2. Nf3 e6 3. Nc3 Bb4 4. g3 b6 5. Bg2 Bb7 6. a3 Bxc3 7. bxc3 d6 8. d4 Nbd7 9. O-O O-O 10.
Re1 c5 11. Bf4 Qe7 12. dxc5 e5 13. cxd6 Qe6 14. Nxe5 Bxg2 15. Nxd7 Nxd7 16. Kxg2 Qxc4 17. Qd4 Qc6+ 18. Kg1 Rfe8 19.
e4 Rac8 20. Rac1 Qc4 21. e5 Qc5 22. Qxc5 Rxc5 23. Kg2 Re6 24. Bg5 Rcxe5 25. Rxe5 Rxe5 26. Bf4 Re6 27. Rd1 Kf8 28. c4 Ke8 29.
f3 Nc5 30. Kf2 Kd7 1/2-1/2

[Event "NJSK 2023 Meisjes B"]
[Site "Almelo, Netherlands"]
[Date "2023.05.03"]
[Round "4.7"]
[White "Knobbe, Elise"]
[Black "Luijkx, Dagmar"]
[Result "1/2-1/2"]
[TimeControl "90min/40moves + 30min + 30sec/move"]
[WhiteElo "1584"]
[BlackElo "1559"]

1. c4 Nf6 2. Nc3 g6 3. g3 Bg7 4. Bg2 d6 5. e4 e5 6. Nge2 Nbd7 7. O-O O-O 8. d3 a5 9. a4 Nc5 10.
h3 c6 11. Be3 Na6 12. Qd2 Nb4 13. Na2 Nxa2 14. Rxa2 Be6 15. Raa1 c5 16. Nc3 Qd7 17. Kh2 h5 18. Nd5 Bxd5 19.
cxd5 b6 20. b3 Ne8 21. Bh6 b5 22. Bg5 b4 23. Bh6 Kh7 24. Bxg7 Kxg7 25. f4 Rh8 26. fxe5 dxe5 27. Qf2 Rc8 28.
h4 Qe7 29. Bh3 Rc7 30. Qc2 Nd6 31. Qf2 1/2-1/2

[Event "NJSK 2023 Meisjes B"]
[Site "Almelo, Netherlands"]
[Date "2023.05.04"]
[Round "5.1"]
[White "Verheij, Dana"]
[Black "Damen, Josephine"]
[Result "1-0"]
[TimeControl "90min/40moves + 30min + 30sec/move"]
[WhiteElo "1846"]
[BlackElo "1628"]

1. e4 e5 2. Bc4 Nf6 3. d4 exd4 4. Nf3 Nc6 5. O-O Nxe4 6. Re1 d5 7. Bxd5 Qxd5 8. Nc3 Qa5 9. Nxe4 Be6 10.
Bf4 O-O-O 11. a3 h6 12. Qe2 g5 13. b4 Qd5 14. Bg3 Bg7 15. Rad1 Qc4 16. Qd2 Bf5 17. h4 Bxe4 18. Rxe4 f5 19.
Ree1 f4 20. Bh2 g4 21. Qxf4 Rd7 22. Qxg4 Qxc2 23. b5 h5 24. Qh3 Nb8 25. Rc1 Qg6 26. Bxc7 Qg4 27. Bf4+ Nc6 28. bxc6 bxc6 29.
Qxg4 hxg4 30. Ne5 Bxe5 31. Bxe5 Rxh4 32. Rxc6+ Kb7 33. Rc4 a5 34. Rxd4 Rdh7 35. f3 gxf3 36. Rxh4 Rxh4 37. gxf3 Kc6 38.
Kg2 Kd5 39. Bg3 Ra4 40. Re3 1-0

[Event "NJSK 2023 Meisjes B"]
[Site "Almelo, Netherlands"]
[Date "2023.05.04"]
[Round "5.2"]
[White "Gergin, Isafara"]
[Black "Feng, Elysia"]
[Result "1-0"]
[TimeControl "90min/40moves + 30min + 30sec/move"]
[WhiteElo "1762"]
[BlackElo "1697"]

1. e4 e5 2. Nf3 Nc6 3. d4 exd4 4.
Nxd4 Bc5 5. Be3 Qf6 6. c3 Nge7 7. Bc4 O-O 8. O-O b6 9. f4 d6 10. Qd2 h6 11. Rf3 Bb7 12. Rg3 Kh7 13.
b4 Bxd4 14. cxd4 Rad8 15. b5 Na5 16. Bd3 Kh8 17. Nc3 Ng8 18. Rf1 Qe7 19. f5 f6 20. Ne2 Rf7 21. Nf4 Qe8 22. Ne6 Rdd7 23.
d5 Qa8 24. Qe2 Bc8 25. Rf4 Nb7 26. Qh5 Nc5 27. Be2 Rde7 28. Rfg4 Nxe4 29. Rxe4 Qxd5 30. Rd4 Qe5 31. Bf4 1-0

[Event "NJSK 2023 Meisjes B"]
[Site "Almelo, Netherlands"]
[Date "2023.05.04"]
[Round "5.3"]
[White "Tangarife Ramirez, Katja"]
[Black "Oostinga, Elisa"]
[Result "0-1"]
[TimeControl "90min/40moves + 30min + 30sec/move"]
[WhiteElo "1667"]
[BlackElo "1034"]

1. d4 d5 2. Nf3 c6 3. c3 Nf6 4. e3 Bf5 5. Bd3 Bxd3 6. Qxd3 e6 7. Nbd2 Be7 8. e4 c5 9. O-O O-O 10.
Re1 Nc6 11. e5 Nd7 12. a3 h6 13. Nf1 Qb6 14. Rb1 Rfe8 15. Be3 Nf8 16. N3d2 Rac8 17. f4 f6 18. exf6 c4 19. f7+ Kxf7 20.
Qe2 Qc7 21. Qh5+ Kg8 22. Nf3 Bf6 23. Ne5 Bxe5 24. fxe5 Qf7 25. Qg4 Qg6 26. Qf3 Nd7 27. Nd2 Rf8 28. Qe2 Ne7 29. a4 a6 30.
b3 b5 31. bxc4 bxc4 32. Rb7 Rfd8 33. Nf3 Nf5 34. Qf2 Rb8 35. Qb2 Ne7 36. Bf2 Qf7 37. Rf1 Nc6 38. Bh4 Rdc8 39. Rb1 Rxb7 40.
Qxb7 Rb8 41. Qxc6 Rxb1+ 42. Kf2 Rb6 43. Qc8+ Kh7 44. a5 Rb2+ 45. Kf1 Nb8 46. Qc5 Qg6 47. Bg3 Qd3+ 48. Kg1 Qe3+ 0-1

[Event "NJSK 2023 Meisjes B"]
[Site "Almelo, Netherlands"]
[Date "2023.05.04"]
[Round "5.4"]
[White "Zahirna, Iryna"]
[Black "Ganeshram, Nirupa"]
[Result "0-1"]
[TimeControl "90min/40moves + 30min + 30sec/move"]
[WhiteElo "1594"]
[BlackElo "1629"]

1. c4 e5 2. g3 Nf6 3. Bg2 Nc6 4. Nc3 Bc5 5. e3 O-O 6. Nge2 Re8 7. O-O e4 8. Qc2 Qe7 9. Nf4 Nb4 10.
Qb1 c6 11. a3 Na6 12. b4 Bb6 13. c5 Bc7 14. d3 exd3 15. Qxd3 d6 16. cxd6 Bxd6 17. Bb2 Be6 18. Bxc6 Nxb4 19.
axb4 bxc6 20. Nxe6 Qxe6 21. Qd4 Qh3 22. Qh4 Qxh4 23. gxh4 Bxb4 24. Rfd1 a5 25. Ne2 Red8 26. Rdc1 c5 27.
Ba3 Rdb8 28. Nf4 Ne4 29. Nd3 Bxa3 30. Rxa3 Rc8 31. f3 Nd2 32. Kf2 c4 33. Nb2 Rab8 34. Ra2 Nb3 35. Rc2 Rb4 36.
Nd3 Rbb8 37. Nc1 Nxc1 38. Rxc1 Ra8 39. Rac2 a4 40. Rxc4 Rxc4 41. Rxc4 a3 42. Rc1 a2 43. Ra1 Kf8 44.
Ke2 Ke7 45. Kd2 Kf6 46. e4 Ke5 47.
Ke3 Ra3+ 48. Ke2 Kf4 49. Kd2 Kxf3 50. Kc2 Kxe4 51. Kb2 Ra6 52. h5 h6 53. Re1+ Kd3 54. Ka1 Ra7 55. h4 f5 56.
Rd1+ Ke2 57. Rc1 f4 58. Rc2+ Kf3 59. Rc1 Kg3 60. Rg1+ Kf2 61. Rc1 f3 62. Rc3 Kg2 0-1

[Event "NJSK 2023 Meisjes B"]
[Site "Almelo, Netherlands"]
[Date "2023.05.04"]
[Round "5.5"]
[White "Luijkx, Dagmar"]
[Black "Yildirim, Azra"]
[Result "1/2-1/2"]
[TimeControl "90min/40moves + 30min + 30sec/move"]
[WhiteElo "1559"]
[BlackElo "1275"]

1. d4 d5 2. Bf4 Bf5 3. e3 e6 4. Nf3 c5 5. c3 Nc6 6. Nbd2 Nf6 7. Qb3 Qb6 8. Qxb6 axb6 9. Bb5 Be7 10.
O-O O-O 11. h3 Ne4 12. Nxe4 Bxe4 13. Bxc6 bxc6 14. Ne5 Rfc8 15. dxc5 bxc5 16. f3 Bg6 17. Nxg6 hxg6 18. Be5 f6 19.
Bh2 Rd8 20. e4 e5 21. f4 exf4 22. Rxf4 Bd6 23. Rg4 Bxh2+ 24. Kxh2 dxe4 25. Rxe4 Rd2 26. Rc4 Rxb2 27. Rxc5 Raxa2 28. Rxa2 Rxa2 29. Rxc6 Rc2 30. c4 g5 31. Rc8+ Kf7 32. c5 Ke7 33. c6 Kd6 34. Rd8+ Kc7 35. Rd7+ Kxc6 36. Rxg7 Kd6 37.
Kg3 Ke5 1/2-1/2

[Event "NJSK 2023 Meisjes B"]
[Site "Almelo, Netherlands"]
[Date "2023.05.04"]
[Round "5.6"]
[White "Kulikova, Polina"]
[Black "Wortman, Manixia"]
[Result "1/2-1/2"]
[TimeControl "90min/40moves + 30min + 30sec/move"]
[WhiteElo "1589"]
[BlackElo "1493"]

1. d4 Nf6 2. c4 e6 3. Nf3 b6 4.
Bg5 Be7 5. Nc3 Bb7 6. Qc2 d5 7. e3 h6 8. Bh4 Nbd7 9. cxd5 Nxd5 10. Nxd5 Bxd5 11. Bxe7 Qxe7 12. Qxc7 Bxf3 13. gxf3 Qb4+ 14.
Qc3 Qxc3+ 15. bxc3 Rc8 16. Kd2 Ke7 17. Ba6 Rc7 18. Rac1 Rd8 19. Ke2 Nb8 20. Bb5 a6 21. Bd3 Rd5 22.
Rc2 Ra5 23. e4 Nd7 24. Rg1 g6 25. e5 Rd5 26. f4 Nb8 27. h4 h5 28. Kd2 b5 29. Rb1 Nc6 30. Be4 1/2-1/2

[Event "NJSK 2023 Meisjes B"]
[Site "Almelo, Netherlands"]
[Date "2023.05.04"]
[Round "5.7"]
[White "De Bruijne, Marlies"]
[Black "Knobbe, Elise"]
[Result "0-1"]
[TimeControl "90min/40moves + 30min + 30sec/move"]
[WhiteElo "945"]
[BlackElo "1584"]

1. d4 f5 2. c4 Nf6 3. Nf3 g6 4. Nc3 Bg7 5. Bf4 O-O 6. e3 d6 7. Bd3 Nbd7 8. O-O e6 9. Qd2 b6 10.
Rfe1 Bb7 11. e4 e5 12. dxe5 dxe5 13. Nxe5 Nxe5 14. Bxe5 Nxe4 15. Qe3 Bxe5 16. Nxe4 fxe4 17. Bxe4 Bxe4 18.
Qxe4 Qd4 19. Qxe5 Qxf2+ 20. Kh1 Rf7 21. h3 Rd8 22. Re2 Qd4 23. Qxd4 Rxd4 24. b3 Rfd7 25. Kh2 Rd2 26. Rxd2 Rxd2 27.
a4 Rd3 28. Rb1 Kf7 29. Rf1+ Ke6 30. Rf3 Rxf3 31. gxf3 Kf5 32. Kg3 g5 33. b4 c5 34. b5 h5 35. Kf2 Kf4 36. Kg2 Ke3 37.
Kg3 Kd4 38. h4 gxh4+ 39. Kxh4 Ke3 40. Kxh5 Kxf3 41. Kg5 Ke4 42. Kf6 Kd4 43. Ke6 Kxc4 44. Kd6 Kb4 45. Kc7 Kxa4 46. Kb7 Kxb5 47.
Kxa7 c4 48. Kb7 c3 49. Ka7 c2 50. Kb7 c1=Q 51. Ka8 Kc6 52. Kb8 Qa3 53. Kc8 Qa8# 0-1

[Event "NJSK 2023 Meisjes B"]
[Site "Almelo, Netherlands"]
[Date "2023.05.05"]
[Round "6.1"]
[White "Oostinga, Elisa"]
[Black "Gergin, Isafara"]
[Result "0-1"]
[TimeControl "90min/40moves + 30min + 30sec/move"]
[WhiteElo "1034"]
[BlackElo "1762"]

1. e4 c5 2. Nc3 Nc6 3. f4 g6 4. Nf3 Bg7 5. Bc4 e6 6. d3 Nge7 7. Qe2 O-O 8. O-O d5 9. Bb3 Nd4 10.
Nxd4 cxd4 11. Nd1 dxe4 12. dxe4 b6 13. Nf2 Bb7 14. Bd2 Qc7 15. Rac1 Rfd8 16. Kh1 a5 17. Rfd1 Qc6 18. Bc4 Nc8 19.
c3 Nd6 20. Bd3 Qd7 21. Re1 Rac8 22. c4 Qc6 23. a3 a4 24. Rc2 Ba8 25. Rb1 f5 26. Re1 Re8 27. Bb4 Nb7 28. Qf3 Nc5 29.
Bxc5 bxc5 30. Rce2 e5 31. fxe5 Bxe5 32. Kg1 Bg7 33. Qf4 Rf8 34. Nh3 fxe4 35. Qxe4 Qxe4 36. Bxe4 Bxe4 37. Rxe4 Rb8 38.
R1e2 d3 39. Rd2 Bd4+ 40. Nf2 Bxf2+ 41. Rxf2 Rxf2 42. Kxf2 Rxb2+ 43. Kf3 d2 44. Ke2 d1=Q+ 45. Kxd1 Rxg2 46. Re5 Rxh2 47. Rxc5 Rh3 48.
Rc8+ Kf7 49. Rd8 h5 50. Kc2 Rxa3 51. c5 Re3 52. Rh8 Re5 53. Rc8 g5 54. c6 Rc5+ 55. Kb2 g4 56. Ka3 g3 57.
Rc7+ Kf6 0-1

[Event "NJSK 2023 Meisjes B"]
[Site "Almelo, Netherlands"]
[Date "2023.05.05"]
[Round "6.2"]
[White "Ganeshram, Nirupa"]
[Black "Damen, Josephine"]
[Result "1-0"]
[TimeControl "90min/40moves + 30min + 30sec/move"]
[WhiteElo "1629"]
[BlackElo "1628"]

1. e4 e5 2. Nf3 Nc6 3. Bc4 Nf6 4. d4 exd4 5. e5 Ng4 6. O-O d6 7. exd6 Qxd6 8. Re1+ Be7 9. Nbd2 O-O 10.
Ne4 Qg6 11. Ng3 Bd6 12. Bd3 f5 13. Nh4 Qf6 14. Nf3 Nce5 15. Nxe5 Bxe5 16. Qf3 Bd7 17. Bc4+ Kh8 18. Bf4 Nxh2 19.
Kxh2 Qh4+ 20. Kg1 Bxf4 21. Ne2 Qh2+ 22. Kf1 Qh1+ 23. Ng1 Bh2 24. Ke2 Rae8+ 25. Kd3 Rxe1 26. Rxe1 Bxg1 27. Qg3 f4 28.
Qg5 Bf5+ 29. Qxf5 Ra8 30. Qd7 g6 31. Qxd4# 1-0

[Event "NJSK 2023 Meisjes B"]
[Site "Almelo, Netherlands"]
[Date "2023.05.05"]
[Round "6.3"]
[White "Feng, Elysia"]
[Black "Verheij, Dana"]
[Result "1-0"]
[TimeControl "90min/40moves + 30min + 30sec/move"]
[WhiteElo "1697"]
[BlackElo "1846"]

1. e4 c5 2. Nf3 d6 3. d4 cxd4 4. Nxd4 Nf6 5. Nc3 a6 6. Be3 e5 7. Nb3 Be7 8. f3 Be6 9. Qd2 h5 10.
O-O-O Nbd7 11. Kb1 Rc8 12. h3 h4 13. Bd3 b5 14. Rhe1 Nb6 15. Bxb6 Qxb6 16. f4 exf4 17. Qxf4 Kf8 18.
Nd5 Nxd5 19. exd5 Bxd5 20. Bg6 Rh6 21. Rxd5 Rxg6 22. Rh5 Rh6 23. Rxh6 gxh6 24. Qxh6+ Ke8 25. Qh8+ Kd7 26. Rxe7+ Kxe7 27.
Qxc8 Qg1+ 28. Nc1 Qxg2 29. Qf5 Qg3 30. Qd3 Qe1 31. Qe2+ Qxe2 32. Nxe2 Ke6 33. Nf4+ Kf5 34. Ng2 Kg5 35.
Kc1 f5 36. Kd2 a5 37. Ke3 b4 38. Kf3 d5 39. Ne3 d4 40. Nc4 a4 41. Nb6 b3 42. axb3 axb3 43. cxb3 Kf6 44. Nc4 Ke6 45.
b4 Kd5 46. b5 Kxc4 47. b6 d3 48. b7 Kb3 49. b8=Q+ Kc2 50. Qc7+ Kd2 51. Qc3+ Kd1 52. Qxd3+ 1-0

[Event "NJSK 2023 Meisjes B"]
[Site "Almelo, Netherlands"]
[Date "2023.05.05"]
[Round "6.4"]
[White "Knobbe, Elise"]
[Black "Tangarife Ramirez, Katja"]
[Result "0-1"]
[TimeControl "90min/40moves + 30min + 30sec/move"]
[WhiteElo "1584"]
[BlackElo "1667"]

1. c4 c6 2. d4 d5 3. Nf3 Nf6 4. Qc2 e6 5. g3 Be7 6. Bg2 O-O 7. O-O Nbd7 8. Bf4 b6 9. cxd5 cxd5 10.
Nc3 Bb7 11. Rac1 Rc8 12. Qa4 a6 13. e3 Ne8 14. g4 Nd6 15. Ne2 Nc4 16. Qb3 Nf6 17. h3 Ne4 18. Rfd1 Bc6 19. Ne5 Ned6 20.
Nxc6 Rxc6 21. Nc3 b5 22. Qc2 Qd7 23. Qe2 Rfc8 24. Rc2 Nxb2 25. Rdc1 Nbc4 26. Nb1 Bd8 27. Qd3 Ba5 28. Bg3 Bc7 29.
Nd2 Ne8 30. Nxc4 bxc4 31. Qa3 Bxg3 32. fxg3 Rb6 33. Rb2 Rxb2 34. Qxb2 Qc7 35. Kh2 Rb8 36. Qc3 Qb6 37. Rc2 Nd6 38.
h4 h6 39. Kh3 Nc8 40. e4 Qd6 41. e5 Qb4 42. Qf3 Na7 43. Rf2 Rb7 44. g5 hxg5 45. hxg5 g6 46. Rc2 Nc6 47. Qe3 Qb1 48.
Qc3 Nxd4 49. Rf2 Nf5 50. g4 Ne7 51. Qa5 Qb6 0-1

[Event "NJSK 2023 Meisjes B"]
[Site "Almelo, Netherlands"]
[Date "2023.05.05"]
[Round "6.5"]
[White "Kulikova, Polina"]
[Black "Zahirna, Iryna"]
[Result "1/2-1/2"]
[TimeControl "90min/40moves + 30min + 30sec/move"]
[WhiteElo "1589"]
[BlackElo "1594"]

1. d4 Nf6 2. c4 e6 3. Nf3 d5 4.
Bg5 Be7 5. Nc3 O-O 6. e3 c6 7. Bd3 dxc4 8. Bxc4 Nd5 9. Bxe7 Qxe7 10. O-O Qb4 11. Qb3 Qxb3 12. Bxb3 Nd7 13. Rac1 Re8 14.
Rfd1 N7f6 15. Na4 Nd7 16. a3 N5b6 17. Nc5 Nxc5 18. Rxc5 Bd7 19. Ne5 Rad8 20.
h3 Bc8 21. Rcc1 Nd7 22. Nd3 Kf8 23. f4 f6 24. Nc5 Nxc5 25. Rxc5 e5 26. dxe5 fxe5 1/2-1/2

[Event "NJSK 2023 Meisjes B"]
[Site "Almelo, Netherlands"]
[Date "2023.05.05"]
[Round "6.6"]
[White "Wortman, Manixia"]
[Black "Luijkx, Dagmar"]
[Result "1/2-1/2"]
[TimeControl "90min/40moves + 30min + 30sec/move"]
[WhiteElo "1493"]
[BlackElo "1559"]

1. e4 e5 2. Nf3 Nc6 3. Bc4 f5 4.
d3 Bc5 5. Nc3 f4 6. Bd2 d6 7. h3 Bd7 8. Qe2 g5 9. Nd4 Qf6 10. Qh5+ Qg6 11. Qxg6+ hxg6 12. Ne6 Bxe6 13. Bxe6 Nd4 14.
Bb3 O-O-O 15. Na4 g4 16. Nxc5 dxc5 17. O-O-O gxh3 18. gxh3 Ne7 19. Kb1 Rh6 20. Bc3 Nec6 21. Rdg1 Nxb3 22.
axb3 Rdh8 23. Rg5 Rxh3 24. Rxh3 Rxh3 25. Rxg6 Rh2 26. Rg5 Rxf2 27. Bxe5 Nxe5 28. Rxe5 b6 29. Kc1 Rf1+ 30. Kd2 Rf2+ 31.
Kd1 Kd7 32. Rf5 a5 33. Kc1 Kd6 34. Kd1 b5 35. Rf6+ Ke5 36. Rf7 Kd4 37. Rd7+ Ke3 38. c3 Rxb2 39. e5 f3 40. e6 f2 41.
Rf7 1/2-1/2

[Event "NJSK 2023 Meisjes B"]
[Site "Almelo, Netherlands"]
[Date "2023.05.05"]
[Round "6.7"]
[White "Yildirim, Azra"]
[Black "De Bruijne, Marlies"]
[Result "1/2-1/2"]
[TimeControl "90min/40moves + 30min + 30sec/move"]
[WhiteElo "1275"]
[BlackElo "945"]

1. e4 c5 2. Nf3 e6 3. d4 cxd4 4. Nxd4 Nf6 5. Nc3 Bb4 6. Bd3 Nc6 7. Nde2 O-O 8. Bd2 d5 9. Ng3 d4 10.
Nce2 e5 11. O-O Bd7 12. c3 Bc5 13. cxd4 Nxd4 14.
Nxd4 Bxd4 15. Rb1 Rc8 16. Be2 Bc6 17. Bf3 Qb6 18. a4 a5 19. b4 axb4 20. Bxb4 Rfd8 21. Qe1 Qa7 22. Nf5 Bc5 23.
Ne7+ Bxe7 24. Bxe7 Re8 25. Bxf6 gxf6 26. Qb4 Ra8 27. Bd1 Red8 28. Qb6 Bxe4 29. Rb2 Qxb6 30. Rxb6 Bc6 31. Bb3 Rd4 32.
Rc1 Bxa4 33. Rxb7 Bxb3 34. Rxb3 Rad8 35. Kf1 Rd1+ 36. Rxd1 Rxd1+ 37. Ke2 Rd4 38. Rg3+ Kf8 39. Ke3 Rf4 40.
Rh3 Kg7 41. g3 Rf5 42. Rh4 h5 43. f3 Kg6 44. Ke4 Rg5 45. f4 exf4 46. Rxf4 Rg4 1/2-1/2

[Event "NJSK 2023 Meisjes B"]
[Site "Almelo, Netherlands"]
[Date "2023.05.06"]
[Round "7.1"]
[White "Gergin, Isafara"]
[Black "Ganeshram, Nirupa"]
[Result "1-0"]
[TimeControl "90min/40moves + 30min + 30sec/move"]
[WhiteElo "1762"]
[BlackElo "1629"]

1. e4 c5 2. Nf3 d6 3. d4 cxd4 4.
Nxd4 Nf6 5. Nc3 Nc6 6. Be2 g6 7. O-O Bg7 8. Be3 Bd7 9. Qd2 O-O 10. Rad1 Rc8 11. h3 a6 12. f4 Qc7 13.
Bf3 b5 14. a3 Na5 15. Qd3 Nc4 16. Bc1 Nxa3 17. Rfe1 Nc4 18. b3 Nb6 19. Bb2 e6 20. Ra1 b4 21. Nd1 e5 22. Ne2 Bb5 23.
Qd2 Qc5+ 24. Kh1 Ra8 25. f5 a5 26. c3 Rfd8 27. c4 Bc6 28. Ng3 a4 29. bxa4 Rxa4 30. Rc1 Ra2 31. Qd3 Bh6 32.
Rc2 Rda8 33. Ne3 Ba4 34. Rd2 Bxe3 35. Rxe3 Nxc4 36. Ree2 Nxd2 37. Rxd2 Rxb2 38. Rxb2 Qc1+ 39. Kh2 Qxb2 40.
Qxd6 Kg7 41. h4 Qd4 42. Qc7 b3 43. h5 Bd7 44. Qc1 b2 45. h6+ Kf8 46. Qg5 Qb6 47. fxg6 b1=Q 48. g7+ Kg8 49.
Ne2 Bb5 50. Ng3 Q1g1+ 51. Kh3 Bd7+ 52. Nf5 Qh1+ 53. Kg3 Qf2+ 54. Kxf2 Ra2+ 55. Kg3 Qe1+ 56. Kh2 Bxf5 57. Qxf6 Ra8 58.
exf5 e4 59. Bh5 1-0

[Event "NJSK 2023 Meisjes B"]
[Site "Almelo, Netherlands"]
[Date "2023.05.06"]
[Round "7.2"]
[White "Damen, Josephine"]
[Black "Tangarife Ramirez, Katja"]
[Result "1-0"]
[TimeControl "90min/40moves + 30min + 30sec/move"]
[WhiteElo "1628"]
[BlackElo "1667"]

1. e4 c6 2. d4 d5 3. exd5 cxd5 4. c4 Nf6 5. Nc3 Nc6 6. Nf3 Bg4 7. Be3 e6 8. c5 a6 9. h3 Bxf3 10.
gxf3 Bxc5 11. dxc5 d4 12. Bd2 dxc3 13. Bxc3 Qe7 14. Rg1 Rg8 15. Qd2 e5 16. Qd6 Rd8 17. Qxe7+ Kxe7 18. Bc4 Nd4 19.
O-O-O Nxf3 20. Rxd8 Kxd8 21. Rg3 Nd4 22. Bxd4 exd4 23. Bxf7 Rf8 24. Rxg7 Ne4 25. Rg8 Rxg8 26. Bxg8 Nxf2 27.
h4 h5 28. Kc2 Ke7 29. Bd5 d3+ 30. Kd2 b5 31. cxb6 Kd6 32. Bf3 Nh3 33. Kxd3 Nf4+ 34. Ke3 Ng6 35. b7 Kc7 36. Be4 Ne5 37.
Kf4 Nc4 38. b3 Nd6 39. Bf3 1-0

[Event "NJSK 2023 Meisjes B"]
[Site "Almelo, Netherlands"]
[Date "2023.05.06"]
[Round "7.3"]
[White "Verheij, Dana"]
[Black "Oostinga, Elisa"]
[Result "1/2-1/2"]
[TimeControl "90min/40moves + 30min + 30sec/move"]
[WhiteElo "1846"]
[BlackElo "1034"]

1. e4 c6 2. d4 d5 3. exd5 cxd5 4. Nf3 Nc6 5. Ne5 a6 6. c3 Bf5 7. Be3 e6 8. Nd2 Nxe5 9. dxe5 Qc7 10.
f4 Bc5 11. Qa4+ Kf8 12. Bd4 Ne7 13. Be2 Rc8 14. O-O Qb6 15. Nb3 Bc2 16. Nxc5 Bxa4 17. Nd7+ Bxd7 18. Bxb6 h5 19. a4 f6 20.
exf6 gxf6 21. Bd4 Kf7 22. Rf3 Nf5 23. Bf2 Rcg8 24. Bd3 Bc6 25. Bxf5 exf5 26. Bd4 Re8 27. Kf2 Re4 28. g3 h4 29.
Kg2 hxg3 30. hxg3 Re2+ 31. Rf2 Rxf2+ 32. Kxf2 Rh2+ 33. Kf3 Rxb2 34. Rh1 Kg7 35. a5 Ra2 36. Re1 Kf7 37. Rh1 Rxa5 38.
Rh6 Bd7 39. Rxf6+ Ke7 40. Rh6 Rb5 41. Rh8 a5 42. Ra8 Kd6 43. Ke3 Kc6 44. Be5 Rc5 45. Bd4 Rb5 46. Kd3 Kd6 47. Kc2 Kc6 48.
Ra7 Kc7 49. Be5+ Kc6 50. Bf6 Rc5 51. Bd8 Rc4 52. Bxa5 Ra4 53. Kb3 Re4 54. Ra8 d4 55. cxd4 Rxd4 56. Rh8 Rd3+ 57. Kc4 Rd6 58.
Bc3 Rg6 59. Be1 Re6 60. Bf2 Re2 61. Bd4 Re4 62. Kc3 Re6 63. Rg8 Rh6 64. Rg7 Re6 65. Rg5 Rh6 66. Rg7 Re6 67. Be5 Rh6 68.
Kb4 Re6 69. Rf7 Rg6 70. Rh7 Re6 71. Rg7 Kd5 1/2-1/2

[Event "NJSK 2023 Meisjes B"]
[Site "Almelo, Netherlands"]
[Date "2023.05.06"]
[Round "7.4"]
[White "De Bruijne, Marlies"]
[Black "Feng, Elysia"]
[Result "0-1"]
[TimeControl "90min/40moves + 30min + 30sec/move"]
[WhiteElo "945"]
[BlackElo "1697"]

1. d4 d5 2. c4 e6 3. Nf3 c5 4.
cxd5 exd5 5. Nc3 Nc6 6. e3 Nf6 7. Bb5 Bd6 8. O-O O-O 9. Re1 Bg4 10. Bxc6 bxc6 11. e4 dxe4 12. Nxe4 Bxf3 13.
Qxf3 cxd4 14. Bg5 Be7 15. Nxf6+ Bxf6 16. Bxf6 Qxf6 17. Qb3 Rab8 18. Qa3 Rb7 19. Re2 Rfb8 20. Rae1 h6 21. Qd3 g6 22.
b3 Rd8 23. h3 Rd6 24. Rd2 c5 25. Rc1 Rd5 26. Qe4 Qe6 27. Qf3 Re7 28. Kh2 Rf5 29. Qd3 Rg5 30. a3 Qd5 31. g3 Rf5 32.
b4 Rf3 33. Qa6 Qf5 34. Kg2 Qe4 35. Kh2 Qf5 36. Kg2 cxb4 37. axb4 Qd5 38. Kh2 Qg5 39. Qc8+ Kg7 40. Rdc2 d3 41. Qc3+ Kh7 42. Rd2 Ree3 43.
Rg1 Re6 44. Rxd3 Rxf2+ 45. Kh1 Ree2 46. Rg2 Rxg2 47. Rf3 Qe7 48. Qc5 Rh2+ 49. Kg1 Reg2+ 50. Kf1 Qe2# 0-1

[Event "NJSK 2023 Meisjes B"]
[Site "Almelo, Netherlands"]
[Date "2023.05.06"]
[Round "7.5"]
[White "Luijkx, Dagmar"]
[Black "Kulikova, Polina"]
[Result "1-0"]
[TimeControl "90min/40moves + 30min + 30sec/move"]
[WhiteElo "1559"]
[BlackElo "1589"]

1. e4 c6 2. d4 d5 3. Nc3 dxe4 4. Nxe4 Nd7 5. Nf3 Ngf6 6. Ng3 Nb6 7. Bd3 Bg4 8. Be3 e6 9.
O-O Be7 10. c4 Rc8 11. Qb3 Bxf3 12. gxf3 Qd7 13. a4 c5 14. a5 Na8 15. dxc5 Bxc5 16. Bg5 h6 17. Bf4 O-O 18. Ne4 Nxe4 19.
Bxe4 b6 20. Kh1 Nc7 21. Bxh6 gxh6 22. Rg1+ Kh8 23. Qc3+ Bd4 24. Qd2 f5 25. Bc6 Qe7 26. Qxd4+ e5 27. Qe3 Qf6 28. Ba4 bxa5 29.
Qxa7 Ne6 30. Bd7 Rc7 31. Qb6 e4 32. Qxe6 exf3 33. Rg8+ Kh7 34. Rxf8 Qxf8 35. Qxf5+ Qxf5 36. Bxf5+ Kg7 37.
b3 Rb7 38. Rb1 Re7 39. Bg4 Rf7 40. c5 Rc7 41. Rc1 Rb7 42. c6 1-0

[Event "NJSK 2023 Meisjes B"]
[Site "Almelo, Netherlands"]
[Date "2023.05.06"]
[Round "7.6"]
[White "Wortman, Manixia"]
[Black "Yildirim, Azra"]
[Result "1-0"]
[TimeControl "90min/40moves + 30min + 30sec/move"]
[WhiteElo "1493"]
[BlackElo "1275"]

1. e4 e5 2. Nf3 Nc6 3. Bc4 h6 4.
d4 exd4 5. Nxd4 Nf6 6. Nc3 Bb4 7. Nxc6 Bxc3+ 8. bxc3 bxc6 9. e5 Qe7 10. Qe2 Nd5 11. Bd2 O-O 12. O-O Re8 13. Rfe1 d6 14.
Qf3 dxe5 15. Bxd5 cxd5 16. Qxd5 Bf5 17. Bf4 Qd6 18. Rxe5 Rxe5 19. Qxa8+ Kh7 20. Bxe5 Qxe5 21. Qxa7 Qxc3 22.
Rc1 Bxc2 23. Qe3 Qxe3 24. fxe3 Be4 25. Rxc7 Kg6 26. a4 Kf6 27. a5 Ke6 28. a6 Kd6 29. Rxf7 Kc6 30. Rxg7 Kb6 31.
a7 h5 32. Re7 Bb7 33. Rh7 Kxa7 34. Rxh5 Kb6 35. Rg5 Kc6 36. h4 Kd6 37. h5 Ke6 38. h6 Be4 39. Rh5 Bh7 40. Rg5 Kf6 41.
Rg7 Be4 42. Ra7 Kg6 43. h7 1-0

[Event "NJSK 2023 Meisjes B"]
[Site "Almelo, Netherlands"]
[Date "2023.05.06"]
[Round "7.7"]
[White "Zahirna, Iryna"]
[Black "Knobbe, Elise"]
[Result "1/2-1/2"]
[TimeControl "90min/40moves + 30min + 30sec/move"]
[WhiteElo "1594"]
[BlackElo "1584"]

1. d4 f5 2. Nc3 Nf6 3. Bg5 e6 4. e4 fxe4 5. Bxf6 Qxf6 6. Nxe4 Qg6 7. Ng3 Be7 8. Bd3 Qf7 9. Nf3 d6 10.
Qe2 Nc6 11. c3 Bd7 12. O-O-O O-O-O 13. Rhe1 Bf6 14. Qc2 g6 15. Ne4 Bg7 16. Ned2 e5 17. dxe5 Nxe5 18. Nb3 Nxf3 19.
gxf3 Qxf3 20. Be4 Qf4+ 21. Kb1 Bf5 22. Bxf5+ Qxf5 23. Qxf5+ gxf5 24. Re7 Bf6 25. Rf7 Rdf8 26. Rxf8+ Rxf8 27.
Rg1 Kd7 28. Nd4 Bxd4 29. cxd4 Rf7 30. f4 a5 31. a4 Kc6 32. Kc2 Kd5 33. Kd3 c6 34. h4 Rf6 35. h5 h6 36. Rg7 Rf8 37.
Rxb7 Ra8 38. Rh7 c5 39. dxc5 Kxc5 1/2-1/2